 Dungeon Crawl Stone Soup version 0.31-a0-174-g85c54bcb58 (webtiles) character file.

Game seed: 16107912078627264353

464 Dittersdorf the Trooper (level 7, -5/44 HPs)
             Began as a Gargoyle Fighter on June 15, 2023.
             Was an Initiate of Okawaru.
             Killed from afar by Dowan (14 damage)
             ... with a stone arrow
             ... on level 5 of the Dungeon.
             The game lasted 00:04:23 (3510 turns).

Dittersdorf the Trooper (Gargoyle Fighter)          Turns: 3510, Time: 00:04:24

Health: -5/44      AC: 11    Str: 22    XL:     7   Next: 7%
Magic:  16/16      EV: 10    Int:  8    God:    Okawaru [......]
Gold:   172        SH:  4    Dex:  9    Spells: 6/6 levels left

rFire   . . .        a - +0 flail
rCold   . . .        c - +0 buckler
rNeg    + . .        l - +3 leather armour of Eternal Night {rElec}
rPois   ∞            (no helmet)
rElec   +            (no cloak)
rCorr   .            (no gloves)
SInv    .            (no boots)
Will    .....        (no amulet)
Stlth   +            r - ring of magical power
HPRegen 0.27/turn    (no ring)
MPRegen 0.15/turn

%: no passive effects
@: no status effects
A: sickness immunity, AC +4, negative energy resistance 1, electricity
resistance, torment resistance 1, petrification resistance
a: Renounce Religion


You were on level 5 of the Dungeon.
You worshipped Okawaru.
Okawaru was noncommittal.
You visited 2 branches of the dungeon, and saw 6 of its levels.

You collected 172 gold pieces.

Inventory:

Hand Weapons
 a - a +0 flail (weapon)
Armour
 c - a +0 buckler (worn)
 f - a +0 plate armour
 l - the +3 leather armour of Eternal Night (worn) {rElec}
   (You found it on level 2 of the Dungeon)

   rElec:     It insulates you from electricity.
Magical Staves
 i - a staff of earth
Jewellery
 r - a ring of magical power (left hand)
Wands
 q - a wand of flame (7)
Scrolls
 j - a scroll of poison
 k - a scroll of enchant weapon {unknown}
 m - 2 scrolls of immolation {unknown}
 u - a scroll of noise {unknown}
 v - a scroll of identify {unknown}
Potions
 b - a potion of haste {unknown}
 d - 2 potions of might
 e - a potion of degeneration {unknown}
 g - a potion of curing {unknown}
 h - a potion of attraction {unknown}
 o - a potion of magic {unknown}
 p - a potion of mutation {unknown}
 s - a potion of heal wounds {unknown}
 t - a potion of lignification {unknown}


   Skills:
 + Level 5.1 Fighting
 + Level 4.0 Maces & Flails
 + Level 5.0 Armour
 + Level 5.1 Shields


You had 6 spell levels left.
You didn't know any spells.
Your spell library contained the following spells:

 Spells                   Type           Power      Damage    Failure   Level
 Necrotise                Necr           0%         1d4       52%         1
 Inner Flame              Hex/Fire       0%         N/A       87%         3
 Vampiric Draining        Necr           0%         2d6       87%         3
 Flame Wave               Conj/Fire      0%         2d4       99%         4
 Sticky Flame             Conj/Fire      0%         2d3       99%         4
 Agony                    Necr           0%         N/A       100%        5


Dungeon Overview and Level Annotations

Branches:
Dungeon (5/15)             Temple (1/1) D:4

Altars:
Ashenzari
Elyvilon
Fedhas
Gozag
Hepliaklqana
Kikubaaqudgha
Nemelex Xobeh
Okawaru
Qazlal
Ru
Trog
Uskayaw
Vehumet
Wu Jian
Xom
The Shining One

Shops:
D:3 *

Annotations:
D:5 Dowan


Innate Abilities, Weirdness & Mutations

You are immune to sickness and miasma.
Your stone body is resilient. (AC +4)
You are immune to poison.
You resist negative energy. (rN+)
You are resistant to electric shocks. (rElec)
You are resistant to unholy torment.
You are immune to petrification.


Message History

You hit Duvessa.
You kill Duvessa!
Okawaru accepts your kill.
Dowan screams, "No!
Oh no!"
Dowan seems to find hidden reserves of power!
Dowan hits you with a +0 dagger.
* * * LOW HITPOINT WARNING * * *
Dowan hits you but does no damage.
Your Fighting skill increases to level 5!
Your Maces & Flails skill increases to level 4!
Your Armour skill increases to level 5!
Your Shields skill increases to level 5!
You have reached level 7!
Throw: 3 darts (curare)
Press: ? - help, Q - select action, (/) - cycle Shift-Dir - straight line, f - Dowan
Aim: Dowan, wielding a +0 dagger and wearing a +0 robe (fast, 43% to hit)
You throw a curare-tipped dart.
The curare-tipped dart closely misses Dowan.
Dowan closely misses you.
Throw: 2 darts (curare)
Press: ? - help, Q - select action, (/) - cycle Shift-Dir - straight line, f/p - Dowan
Aim: Dowan, wielding a +0 dagger and wearing a +0 robe (fast, 43% to hit)
You throw a curare-tipped dart.
The curare-tipped dart barely misses Dowan.
Dowan hits you with a +0 dagger.
* * * LOW HITPOINT WARNING * * *
Dowan barely misses you.
Throw: dart (curare)
Press: ? - help, Q - select action, (/) - cycle Shift-Dir - straight line, f/p - Dowan
Aim: Dowan, wielding a +0 dagger and wearing a +0 robe (fast, 43% to hit)
You throw a curare-tipped dart. The curare-tipped dart hits Dowan.
Dowan is poisoned.
Dowan convulses.
Dowan seems to slow down.
Dowan is lightly wounded.
Dowan closely misses you.
You barely miss Dowan.
Dowan is lightly wounded.
Dowan gestures at you while chanting. The stone arrow hits you!
You die...

#.. #.# #.# #####.#
####..##^##
##.........##
#.....<.#...###
...........#...#
...........###@#
≈~≈≈≈≈≈≈≈≈.# #e)...#
≈~≈≈≈≈≈≈≈≈...#(....#
....####≈≈.#.##....#
###8#
.#≈≈.#......(.. #.##
.##≈≈.# #.....###
#####


You could see Dowan (fast, very poisoned, slow).

Vanquished Creatures
  Duvessa (D:5)
  A sky beast (D:4)
  A phantom (D:4)
  Ijyb (D:3)
  9 adders
  2 dart slugs
  8 orcs
  9 bats
  7 endoplasms
  3 giant cockroaches
  11 goblins
  3 hobgoblins
  3 quokkas
  10 ball pythons
  2 frilled lizards
  8 kobolds
  5 rats
84 creatures vanquished.

Notes
Turn   | Place    | Note
-------+----------+-------------------------------------------
     0 | D:1      | Dittersdorf the Gargoyle Fighter began the quest for the
                  | Orb.
     0 | D:1      | Reached XP level 1. HP: 14/14 MP: 1/1
    59 | D:1      | Found a faded altar of an unknown god.
   151 | D:1      | Reached XP level 2. HP: 19/19 MP: 2/2
   517 | D:2      | Reached XP level 3. HP: 18/23 MP: 3/3
   580 | D:2      | Identified the +3 leather armour of Eternal Night {rElec}
   774 | D:2      | Reached XP level 4. HP: 25/29 MP: 4/4
  1335 | D:3      | Noticed Ijyb
  1354 | D:3      | Killed Ijyb
  1355 | D:3      | Reached XP level 5. HP: 26/33 MP: 5/5
  1506 | D:3      | Found Pausiel's General Store.
  1603 | D:3      | Found a glowing golden altar of the Shining One.
  2345 | D:4      | Found an opulent altar of Gozag.
  2716 | D:4      | Noticed a sky beast
  2758 | D:4      | Killed a sky beast
  2759 | D:4      | Reached XP level 6. HP: 10/39 MP: 6/6
  3240 | D:4      | Found a staircase to the Ecumenical Temple.
  3246 | Temple   | Entered the Ecumenical Temple
  3431 | Temple   | Became a worshipper of Warmaster Okawaru
  3491 | D:5      | Entered Level 5 of the Dungeon
  3495 | D:5      | Noticed Duvessa
  3496 | D:5      | Noticed Dowan
  3506 | D:5      | Killed Duvessa
  3507 | D:5      | Reached skill level 5 in Fighting
  3507 | D:5      | Reached skill level 5 in Armour
  3507 | D:5      | Reached skill level 5 in Shields
  3507 | D:5      | Reached XP level 7. HP: 12/44 MP: 7/7
  3510 | D:5      | Killed from afar by Dowan

Illustrated notes

Levels and vault maps discovered:
D:1:      dpeg_arrival_rooms_a, layout_rooms,
          shapermc_ecumenical_altar_hornbeckon
D:2:      layout_basic, minmay_pentomino_o4
D:3:      kennysheep_the_goblin_king, layout_loops_ring,
          nicolae_overflow_hidden_temple, serial_shops, nicolae_shop_crystal,
          st_stairs_1
D:4:      layout_loops_corners, grunt_gozag_breadcrumbs,
          minmay_temple_entry_enclosed_plants, grunt_decor_mini_mirrors
D:5:      layout_rooms, gammafunk_ghost_gnarly_gnolls, uniq_duvessa
Temple:   nicolae_temple_bog_church

Skill      XL: |  1  2  3  4  5  6 |
---------------+-------------------+-----
Fighting       | 4 5 |  5.1
Armour         | 4 5 |  5.0
Shields        | 4 5 |  5.1
Maces & Flails | 3 4 |  4.0

Action                     |  1- 3 |  4- 6 |  7- 9 || total
---------------------------+-------+-------+-------++-------
  Melee: Flail             |   102 |   220 |     1 ||   323
  Throw: Dart              |       |     2 |     3 ||     5
    Use: Scroll            |       |     2 |       ||     2
 Armour: Scale mail        |    38 |       |       ||    38
         Leather armour    |    25 |   135 |       ||   160
  Dodge: Dodged            |    51 |   109 |     3 ||   163
  Block: Buckler           |    23 |    48 |       ||    71

Table legend: (Time is in decaauts)
 A = Elapsed time spent in this place.
 B = Non-inter-level travel time spent in this place.
 C = Inter-level travel time spent in this place.
 D = Time resting spent in this place.
 E = Time spent auto-exploring this place.
 F = Levels seen in this place.
 G = Mean time per level.
                   A        B        C        D        E       F      G
               +--------+--------+--------+--------+--------+-----+--------+
         Total |   3610 |   3462 |    148 |    243 |   2476 |   6 |  601.7 |
       Dungeon |   3411 |   3284 |    127 |    243 |   2311 |   5 |  682.2 |
        Temple |    198 |    177 |     21 |      0 |    165 |   1 |  198.0 |
               +--------+--------+--------+--------+--------+-----+--------+

Top non-repeatable levels by time:
     D:4: 1254 daAuts
     D:3: 900 daAuts
     D:2: 722 daAuts
     D:1: 513 daAuts
  Temple: 198 daAuts
     D:5: 20 daAuts
